 Dungeon Crawl Stone Soup version 0.29-a0-1052-g6990b1bffc (webtiles) character file.

Game seed: 17750118576919903453

34 Zeldest the Sneak (level 3, -1/17 HPs)
             Began as a Vine Stalker Enchanter on Aug 17, 2022.
             Slain by a rat (2 damage)
             ... on level 2 of the Dungeon.
             The game lasted 00:04:51 (803 turns).

Zeldest the Sneak (Vine Stalker Enchanter)           Turns: 803, Time: 00:04:52

Health: -1/17      AC:  2    Str: 10    XL:     3   Next: 31%
Magic:  0/7        EV: 12    Int: 15    God:
Gold:   75         SH:  0    Dex: 16    Spells: 5/7 levels left

rFire   . . .      SeeInvis .   a - +1 dagger
rCold   . . .      Faith    .   (no shield)
rNeg    . . .      Spirit   +   b - +0 robe
rPois   .          Reflect  .   (no helmet)
rElec   .          Harm     .   (no cloak)
rCorr   .          Rampage  .   (no gloves)
Will    .....                   (no boots)
Stlth   +++.......              (no amulet)
HPRegen 0.05/turn               (no ring)
MPRegen 0.10/turn               (no ring)

@: no status effects
A: fangs 2, magic shield, antimagic bite, no potion heal 2
a: no special abilities


You were on level 2 of the Dungeon.
You visited 1 branch of the dungeon, and saw 2 of its levels.

You collected 75 gold pieces.

Inventory:

Hand Weapons
 a - a +1 dagger (weapon)
 f - a +0 vampiric spear
Missiles
 e - 9 poisoned darts (quivered)
Armour
 b - a +0 robe (worn)
Scrolls
 d - a scroll of teleportation {unknown}
 g - 2 scrolls of identify {unknown}
 j - 3 scrolls of vulnerability {unknown}
 k - a scroll of poison {unknown}
Potions
 c - a potion of invisibility
 h - a potion of degeneration {unknown}
 i - a potion of curing {unknown}


   Skills:
 + Level 0.9 Fighting
 + Level 1.4 Short Blades
 - Level 1.5 Dodging
 + Level 4.1 Stealth
 + Level 2.5 Spellcasting
 + Level 3.2 Hexes
 + Level 0.0 Ice Magic


You had 5 spell levels left.
You knew the following spells:

 Your Spells              Type           Power      Damage    Failure   Level
a - Ensorcelled Hibernat  Hex/Ice        12%        N/A       16%         2

Your spell library contained the following spells:

 Spells                   Type           Power      Damage    Failure   Level
 Confusing Touch          Hex            11%        N/A       16%         3
 Tukima's Dance           Hex            11%        N/A       16%         3
 Dazzling Flash           Conj/Hex       12%        N/A       32%         3


Dungeon Overview and Level Annotations

Branches:
Dungeon (2/15)

Altars:


Innate Abilities, Weirdness & Mutations

You have extremely sharp teeth.
When hurt, damage is shared between your health and your magic reserves.
Your bite disrupts and absorbs the magic of your enemies.
Potions cannot restore your health.


Message History

A frilled lizard comes into view.
A rat comes into view.
The goblin barely misses you. The goblin hits you with a +0 dagger.
The goblin hits you with a +0 dagger. The goblin attacks as you move away!
The goblin hits you with a +0 dagger. The goblin attacks as you move away!
The goblin hits you with a +0 dagger. The ball python bites you.
The ball python grabs you. The ball python constricts you.
* * * LOW HITPOINT WARNING * * *
The ball python completely misses you. The ball python constricts you.
* * * LOW HITPOINT WARNING * * *
You escape the ball python's grasp.
The goblin attacks as you move away! The goblin hits you with a +0 dagger.
* * * LOW HITPOINT WARNING * * *
The goblin attacks as you move away! The goblin barely misses you.
The goblin attacks as you move away! The goblin hits you with a +0 dagger.
* * * LOW HITPOINT WARNING * * *
The ball python attacks as you move away!
The ball python bites you but does no damage.
The ball python misses you. The goblin attacks as you move away!
The goblin closely misses you.
The ball python attacks as you move away!
The ball python barely misses you. The ball python closely misses you.
Casting: Ensorcelled Hibernation (safe; 16% risk of failure)
Confirm with . or Enter, or press ? or * to list all spells.
Aiming: Ensorcelled Hibernation (safe; 16% risk of failure)
Press: ? - help, Shift-Dir - straight line, f - goblin
Aim: a goblin, wielding a +0 dagger (chance to affect: 57%)
The goblin resists with significant effort.
The ball python hisses angrily.
You hear a bark!
The goblin hits you with a +0 dagger.
* * * LOW HITPOINT WARNING * * *
You hit the goblin.
You kill the goblin!
You hit the ball python.
You kill the ball python!
The ball python misses you. The ball python barely misses you.
The rat bites you.
You die...

...............##...######.####..
#.S###..###...###...# #.#
.........###.....†..######.##
###.###.....................# ..
#..............#####..### ..
...........l#...# #....# .
.####...###)#.#..# #>##.# #..#.#
#S#.#..# ##.# ... #.##.#
#@#.#...##.<# ..#
........r...##..##.## ..#
.##.........# #..#. ..
#.................
#.........###..#.# #..........
#..#.# #........#.##..#.#
#........#.##..#.## # #........#


You could see a ball python, a frilled lizard and a rat.

Vanquished Creatures
  A dart slug (D:1)
  5 bats
  5 endoplasms
  A giant cockroach (D:1)
  4 hobgoblins
  A quokka (D:1)
  4 ball pythons
  2 frilled lizards
  4 goblins
  A rat (D:2)
28 creatures vanquished.

Notes
Turn   | Place    | Note
-------+----------+-------------------------------------------
     0 | D:1      | Zeldest the Vine Stalker Enchanter began the quest for the
                  | Orb.
     0 | D:1      | Reached XP level 1. HP: 9/9 MP: 4/4
    49 | D:1      | Reached skill level 1 in Short Blades
   141 | D:1      | Reached XP level 2. HP: 6/14 MP: 4/6
   144 | D:1      | Learned a level 2 spell: Ensorcelled Hibernation
   509 | D:1      | Found a faded altar of an unknown god.
   546 | D:1      | Reached skill level 4 in Stealth
   561 | D:1      | Reached XP level 3. HP: 10/17 MP: 4/7
   803 | D:2      | Slain by a rat

Illustrated notes

Levels and vault maps discovered:
D:1:      erik_arrival_triangle_large, layout_basic,
          dreamdust_ecumenical_altar_statues
D:2:      layout_rooms

Skill      XL: |  1  2 |
---------------+-------+-----
Short Blades   | 1 |  1.4
Stealth        | 4 |  4.1
Fighting       | |  0.9
Dodging        | |  1.5
Spellcasting   | |  2.5
Hexes          | |  3.2

Action                   || total
-------------------------++-------
Melee: Dagger            ||    53
       Bite              ||    12
       Spear             ||     4
 Cast: Ensorcelled Hiber ||     7
  Use: Potion            ||     1
 Stab: Invisible         ||     1
       Sleeping          ||    10
Armor: Robe              ||     6
Dodge: Dodged            ||    53

Table legend: (Time is in decaauts)
 A = Elapsed time spent in this place.
 B = Non-inter-level travel time spent in this place.
 C = Inter-level travel time spent in this place.
 D = Time resting spent in this place.
 E = Time spent auto-exploring this place.
 F = Levels seen in this place.
 G = Mean time per level.
                   A        B        C        D        E       F      G
               +--------+--------+--------+--------+--------+-----+--------+
         Total |    799 |    707 |     92 |      0 |      0 |   2 |  399.5 |
       Dungeon |    799 |    707 |     92 |      0 |      0 |   2 |  399.5 |
               +--------+--------+--------+--------+--------+-----+--------+

Top non-repeatable levels by time:
     D:1: 662 daAuts
     D:2: 136 daAuts
